 Dungeon Crawl Stone Soup version 0.26.1-11-gd32895ea62 (webtiles) character file.

Game seed: 2329798948614429824

3089 hawla the Destroyer (level 9, -2/44 HPs)
             Began as a Deep Elf Conjurer on June 4, 2021.
             Was a Follower of Vehumet.
             Slain by an ogre
             ... wielding a cursed +0 giant spiked club
              (25 damage)
             ... on level 8 of the Dungeon.
             The game lasted 00:19:09 (8290 turns).

hawla the Destroyer (Deep Elf Conjurer)             Turns: 8290, Time: 00:19:10

Health: -2/44      AC:  9    Str: 10    XL:     9   Next: 59%
Magic:  20/20      EV: 16    Int: 27    God:    Vehumet [*.....]
Gold:   222        SH:  3    Dex: 13    Spells: 13/20 levels left

rFire    + + .     SeeInvis .   z - +3 dagger of Indomitability {vorpal, +Inv}
rCold    . . .     Faith    .   C - +0 buckler
rNeg     . . .     Spirit   .   s - +2 robe {rF+}
rPois    .         Reflect  .   (no helmet)
rElec    .         Harm     .   a - +0 cloak
rCorr    .         Rampage  .   l - +1 pair of gloves
Will     +....                  v - +0 pair of boots
Stlth    ++........             (no amulet)
HPRegen  0.14/turn              b - +6 ring of strength
MPRegen  0.17/turn              j - +4 ring of evasion

@: no status effects
A: fire resistance 1, frail 1, strong-willed 1, shaggy fur 1
a: Renounce Religion, Evoke Invisibility


You were on level 8 of the Dungeon.
You worshipped Vehumet.
Vehumet was aware of your devotion.
You visited 2 branches of the dungeon, and saw 9 of its levels.

You collected 383 gold pieces.
You spent 161 gold pieces at shops.

Inventory:

Hand Weapons
 g - a +3 quarterstaff
 z - the +3 dagger of Indomitability (weapon) {vorpal, +Inv}
   (You bought it in a shop on level 6 of the Dungeon)

   It inflicts extra damage upon your enemies.
   It lets you turn invisible.
Missiles
 d - 5 curare-tipped darts
 e - 37 poisoned darts (quivered)
 q - 9 datura-tipped darts
 x - 10 boomerangs
Armour
 a - a +0 cloak (worn)
 l - a +1 pair of gloves (worn)
 s - a +2 robe of fire resistance (worn)
 v - a +0 pair of boots (worn)
 C - a +0 buckler (worn)
Jewellery
 b - a +6 ring of strength (left hand)
 c - an uncursed ring of resist corrosion
 j - a +4 ring of evasion (right hand)
 t - an uncursed ring of flight
Wands
 p - a wand of iceblast (11)
 u - a wand of enslavement (11)
Scrolls
 h - 3 scrolls of teleportation
 o - 3 scrolls of remove curse
 y - a scroll of amnesia
 A - a scroll of silence {unknown}
Potions
 i - a potion of heal wounds
 k - 3 potions of brilliance {unknown}
 m - 7 potions of curing {unknown}
 n - a potion of lignification {unknown}
 r - a potion of haste {unknown}
 B - a potion of cancellation {unknown}


   Skills:
 + Level 2.9 Fighting
 + Level 2.2 Short Blades
 - Level 3.0 Staves
 - Level 3.0 Throwing
 - Level 3.0 Dodging
 - Level 3.0 Stealth
 - Level 6.0 Spellcasting
 + Level 10.3 Conjurations
 - Level 6.0 Translocations
 - Level 1.0 Transmutations
 + Level 2.5 Fire Magic
 - Level 2.0 Evocations


You had 13 spell levels left.
You knew the following spells:

 Your Spells              Type           Power        Failure   Level
a - Magic Dart            Conj           100%         1%          1
b - Searing Ray           Conj           100%         1%          2
c - Iskenderun's Mystic   Conj/Tloc      51%          3%          4

Your spell library contained the following spells:

 Spells                   Type           Power        Failure   Level
 Shock                    Conj/Air       100%         1%          1
 Gell's Gravitas          Tloc           20%          2%          3
 Dazzling Flash           Conj/Hex       72%          3%          3
 Fulminant Prism          Conj/Hex       18%          13%         4
 Confusing Touch          Hex            8%           32%         3
 Petrify                  Tmut/Erth      10%          65%         4
 Yara's Violent Unravell  Hex/Tmut       5%           94%         5
 Metabolic Englaciation   Hex/Ice        4%           96%         5


Dungeon Overview and Level Annotations

Branches:
Dungeon (8/15)             Temple (1/1) D:6
   Lair: D:8-11

Altars:
Ashenzari
Cheibriados
Dithmenos
Elyvilon
Fedhas
Gozag
Hepliaklqana
Kikubaaqudgha
Makhleb
Nemelex Xobeh
Okawaru
Qazlal
Ru
Sif Muna
Trog
Uskayaw
Vehumet
Wu Jian
Xom
Yredelemnul
Zin
The Shining One

Shops:
D:6 (

Annotations:
D:3 2 runed translucent doors, buriedalive's ghost, amateur DECj
D:7 3 runed translucent doors, Eryximachus's ghost, novice OpCj
D:8 Gastronok


Innate Abilities, Weirdness & Mutations

Your flesh is heat resistant. (rF+)
You are frail. (-10% HP)
You are strong-willed. (Will+)
You are covered in fur. (AC +1)


Message History

The iguana barely misses you.
You closely miss the orc warrior.
The orc warrior is almost dead.
The orc warrior barely misses you. The iguana misses you.
You hit the orc warrior but do no damage.
The orc warrior is almost dead.
The orc warrior barely misses you. You block the iguana's attack.
You barely miss the bullfrog. You block the orc warrior's attack.
The bullfrog barely misses you. The iguana closely misses you.
The ogre barely misses you.
The bullfrog hits you but does no damage.
A jackal skeleton comes into view.
The bullfrog closely misses you.
Found a scroll of identify.
Magic courses through your body.
A wolf comes into view.
You block the bullfrog's attack.
The ogre hits you with a cursed +0 giant spiked club!!
Ouch! That really hurt!
You die...

,,,,,,,,,,#..##.......#*#.....,,*
,*****,,,**#..........# *#.?...,,
,*,,,*...**#.##../....##**.....**
,*,,,+.$..,***##†$........,...,**
,*,,,*.....####.†.....#...,,..***
,*****....)...†.......##.#,,,,***
,,,,,,.....#.>.†.†....####*,,,**<
,,,,,,...,,#...oO......#*****,***
*,,,,,.,,,*#...F@........***,,,,,
**,,,,,,,,#....l......#..**,,**,,
**,,,,,..........Z.8.#*,,,,,,,,,
*,,*,,,..............#**,,,,,,,,
**,,***#.........###...#,**,,,,,,
,,,,,**#........#h,*#...,,,,,,,,,
,,,,,,**.....##?..,,,...,,,,,,,,,
,,>,,,**,....*#.,.,,,,..,,,,,,*,,
,,,,*,,,,,**,,,,,,,,,,,,,,,,,,*,,


You could see an orc warrior, an ogre, a wolf (wandering), a bullfrog, an iguana
and a jackal skeleton.

Vanquished Creatures
  Pikel (D:4)
  Joseph (D:7)
  Eustachio (D:4)
  Menkaure (D:4)
  Edmund (D:6)
  A water moccasin (D:6)
  2 orc warriors
  A black bear (D:6)
  3 ogres
  A phantom (D:5)
  A centaur (D:6)
  A bullfrog (D:8)
  4 killer bees (D:8)
  4 howler monkeys
  A centaur skeleton (D:5)
  5 hounds
  A jelly (D:7)
  An orc priest (D:8)
  5 orc wizards
  3 iguanas
  3 worker ants
  A hound zombie (D:5)
  7 gnolls
  5 adders
  A white imp (D:7)
  An ufetubus (D:5)
  An ooze (D:1)
  An adder skeleton (D:7)
  4 worms
  3 dart slugs (D:1)
  4 leopard geckos
  22 orcs
  4 bats
  2 giant cockroaches
  11 goblins
  10 hobgoblins
  15 jackals
  2 quokkas
  A ball python (D:2)
  6 frilled lizards
  8 kobolds
  A quokka skeleton (D:7)
  8 rats
160 creatures vanquished.

Notes
Turn   | Place    | Note
-------+----------+-------------------------------------------
     0 | D:1      | hawla the Deep Elf Conjurer began the quest for the Orb.
     0 | D:1      | Reached XP level 1. HP: 10/10 MP: 6/6
   223 | D:1      | Reached XP level 2. HP: 16/16 MP: 1/8
   226 | D:1      | Learned a level 2 spell: Searing Ray
   375 | D:1      | Reached skill level 1 in Translocations
   540 | D:1      | Reached skill level 1 in Fighting
   540 | D:1      | Reached XP level 3. HP: 9/20 MP: 2/10
  1321 | D:2      | Gained mutation: You are strong-willed. (Will+) [potion of
                  | mutation]
  1321 | D:2      | Gained mutation: Your flesh is heat resistant. (rF+)
                  | [potion of mutation]
  1321 | D:2      | Gained mutation: You are frail. (-10% HP) [potion of
                  | mutation]
  1321 | D:2      | Gained mutation: You are covered in fur. (AC +1) [potion of
                  | mutation]
  1402 | D:2      | Reached skill level 5 in Conjurations
  1402 | D:2      | Reached XP level 4. HP: 13/22 MP: 2/12
  1728 | D:2      | Found a burning altar of Makhleb.
  2060 | D:2      | Reached XP level 5. HP: 26/26 MP: 10/13
  2155 | D:2      | Learned a level 4 spell: Iskenderun's Mystic Blast
  2503 | D:3      | Found a white marble altar of Elyvilon.
  2794 | D:3      | Found a large runed translucent door.
  2795 | D:3      | Found a large runed translucent door.
  2799 | D:3      | Noticed buriedalive's ghost (amateur DECj)
  3305 | D:4      | Reached skill level 6 in Conjurations
  3436 | D:4      | Noticed a lemure
  3436 | D:4      | Noticed Pikel
  3437 | D:4      | Noticed a lemure
  3437 | D:4      | Noticed a lemure
  3437 | D:4      | Noticed a lemure
  3445 | D:4      | Killed Pikel
  3446 | D:4      | Reached skill level 7 in Conjurations
  3446 | D:4      | Reached skill level 1 in Staves
  3446 | D:4      | Reached skill level 1 in Throwing
  3446 | D:4      | Reached skill level 1 in Evocations
  3446 | D:4      | Reached XP level 6. HP: 12/30 MP: 1/14
  3446 | D:4      | Reached XP level 7. HP: 13/34 MP: 1/15
  3515 | D:4      | Noticed Menkaure
  3521 | D:4      | Killed Menkaure
  3639 | D:4      | Noticed Eustachio
  3648 | D:4      | Killed Eustachio
  3649 | D:4      | Reached skill level 5 in Spellcasting
  3649 | D:4      | Reached XP level 8. HP: 39/39 MP: 1/17
  4155 | D:5      | Entered Level 5 of the Dungeon
  5544 | D:6      | Reached skill level 8 in Conjurations
  5547 | D:6      | Reached skill level 5 in Translocations
  5594 | D:6      | Found Nifoeki's Antique Weapon Boutique.
  5602 | D:6      | Bought a faintly glowing dagger for 161 gold pieces
  5602 | D:6      | Identified the +3 dagger of Indomitability {vorpal, +Inv}
                  | (You bought it in a shop on level 6 of the Dungeon)
  5605 | D:6      | Noticed Edmund
  5748 | D:6      | Killed Edmund
  5977 | D:6      | Reached skill level 9 in Conjurations
  6374 | D:6      | Found a staircase to the Ecumenical Temple.
  6381 | Temple   | Entered the Ecumenical Temple
  6720 | D:6      | Reached XP level 9. HP: 43/43 MP: 11/18
  7209 | D:7      | Found a runed translucent gate.
  7210 | D:7      | Found a runed translucent gate.
  7210 | D:7      | Found a runed translucent gate.
  7212 | D:7      | Noticed Eryximachus's ghost (novice OpCj)
  7247 | D:7      | Noticed Joseph
  7257 | D:7      | Killed Joseph
  7258 | D:7      | Reached skill level 10 in Conjurations
  7258 | D:7      | Reached skill level 1 in Transmutations
  7380 | D:7      | Reached skill level 1 in Fire Magic
  7545 | D:7      | Reached skill level 1 in Short Blades
  8222 | D:8      | Found a radiant altar of Vehumet.
  8222 | D:8      | Noticed Gastronok
  8228 | D:8      | Became a worshipper of Vehumet
  8239 | D:8      | Found a radiant altar of Vehumet.
  8280 | D:8      | Reached * piety under Vehumet
  8280 | D:8      | Offered knowledge of Shock by Vehumet.
  8290 | D:8      | Slain by an ogre

Illustrated notes

Levels and vault maps discovered:
D:1:      dpeg_arrival_subterranean_lakeside_camping, layout_rooms,
          minmay_crystal_room
D:2:      layout_basic, makhleb_blood_cavern_becter
D:3:      layout_rooms, ebering_ghost_disaster_area, elyvilon_altar_3
D:4:      layout_basic, feat_on_display, uniq_pikel, uniq_eustachio,
          uniq_menkaure
D:5:      layout_loops_corners, kennysheep_generic_room_2
D:6:      layout_basic, temple_green, serial_shops, shop, uniq_edmund
D:7:      layout_basic, ebering_ghost_rock_garden, uniq_joseph
D:8:      layout_cave_pools, vehumet_altar_wand_db, enter_ossuary_1,
          serial_column_ruins, column_ruins_hut, column_ruins_temple_hall,
          column_ruins_columns_corner, column_ruins_grid_1,
          column_ruins_corridor_straight, column_ruins_columns_straight,
          uniq_gastronok, uniq_grum
Temple:   compressed_dpeg_triangle_lava_temple

Skill      XL: |  1  2  3  4  5  6  7  8  9 |
---------------+----------------------------+-----
Translocations | 1 2 3 6 |  6.0
Fighting       | 1 2 |  2.9
Spellcasting   | 4 5 6 |  6.0
Conjurations   | 5 7 9 10 | 10.3
Staves         | 1 2 3 |  3.0
Throwing       | 1 2 3 |  3.0
Dodging        | 3 |  3.0
Stealth        | 3 |  3.0
Evocations     | 1 2 |  2.0
Transmutations | 1 |  1.0
Fire Magic     | 2 |  2.5
Short Blades   | 2 |  2.2

Action                   |  1- 3 |  4- 6 |  7- 9 || total
-------------------------+-------+-------+-------++-------
Melee: Unarmed           |    20 |     1 |       ||    21
       Quarterstaff      |       |    20 |    14 ||    34
       Dagger            |       |       |    41 ||    41
Throw: Dart              |     1 |     1 |     5 ||     7
 Cast: Magic Dart        |    32 |    15 |    10 ||    57
       Searing Ray       |    15 |    21 |    33 ||    69
       Iskenderun's Myst |       |     1 |    33 ||    34
  Use: Potion            |     2 |       |     5 ||     7
       Scroll            |     5 |     3 |    12 ||    20
 Stab: Sleeping          |       |       |     1 ||     1
       Invisible         |       |       |     1 ||     1
Armor: Robe              |     1 |    11 |    30 ||    42
Dodge: Dodged            |    20 |    25 |    80 ||   125
Block: Buckler           |       |       |    18 ||    18
